 Dungeon Crawl Stone Soup version 0.30-a0-726-gd89dcf765f (webtiles) character file.

Game seed: 1485019838830088283

19 hikkokomori the Chiller (level 2, 0/21 HPs)
             Began as a Merfolk Ice Elementalist on Jan 30, 2023.
             Succumbed to a kobold's poison
             ... on level 1 of the Dungeon.
             The game lasted 00:02:32 (716 turns).

hikkokomori the Chiller (Merfolk Ice Elementalist)   Turns: 716, Time: 00:02:33

Health: 0/21       AC:  2    Str:  8    XL:     2   Next: 75%
Magic:  2/5        EV: 12    Int: 14    God:
Gold:   67         SH:  0    Dex: 14    Spells: 4/5 levels left

rFire   . . .      SeeInvis .    d - +1 dagger (drain)
rCold   . . .      Faith    .    (no shield)
rNeg    . . .      Spirit   .    a - +0 robe
rPois   .          Reflect  .    (no helmet)
rElec   .          Harm     .    (no cloak)
rCorr   .          Rampage  .    (no gloves)
Will    .....                    (no boots)
Stlth   ++                       (no amulet)
HPRegen 0.23/turn                (no ring)
MPRegen 0.09/turn                (no ring)

@: lethally poisoned (0 -> -2)
A: (nimble swimmer 2), mertail
a: no special abilities


You were on level 1 of the Dungeon.
You visited 1 branch of the dungeon, and saw 1 of its levels.

You collected 67 gold pieces.

Inventory:

Hand Weapons
 c - a +0 falchion
 d - a +1 dagger of draining (weapon)
Armour
 a - a +0 robe (worn)
Scrolls
 f - a scroll of magic mapping {unknown}
 h - a scroll of identify {unknown}
Potions
 b - a potion of magic


   Skills:
 + Level 1.0 Fighting
 + Level 0.4(0.6) Short Blades
 - Level 0.4(0.6) Long Blades
 - Level 2.8 Dodging
 + Level 2.6 Stealth
 - Level 2.0 Spellcasting
 + Level 4.6 Ice Magic


You had 4 spell levels left.
You knew the following spells:

 Your Spells              Type           Power      Damage    Failure   Level
a - Freeze                Ice            56%        1d7       3%          1

Your spell library contained the following spells:

 Spells                   Type           Power      Damage    Failure   Level
 Frozen Ramparts          Ice            28%        1d5       11%         3
 Ozocubu's Armour         Ice            14%        N/A       11%         3
 Summon Ice Beast         Ice/Summ       7%         N/A       65%         4


Dungeon Overview and Level Annotations

Branches:
Dungeon (1/15)

Altars:


Innate Abilities, Weirdness & Mutations

((You are very nimble when in or above water. (Stealth+, EV+, Speed+++)))
Your lower body shifts to a powerful aquatic tail in water.


Message History

The kobold hits you with a +2 short sword of venom.
You are poisoned.
You freeze the kobold.
The kobold is severely wounded.
You feel very sick.
The kobold hits you with a +2 short sword of venom.
You are lethally poisoned!
A kobold comes into view. It is wielding a +0 dagger.
You freeze the kobold!
You kill the kobold!
The kobold shouts!
You feel very sick.
It was a potion of heal wounds.
You feel much better.
You feel very sick.
You feel very sick. The jackal attacks as you move away! The jackal bites you.
You feel very sick.
You feel sick. The jackal barely misses you. The jackal bites you.
* * * LOW HITPOINT WARNING * * *
Casting: Freeze (safe; 3% risk of failure)
Confirm with . or Enter, or press ? or * to list all spells.
Aiming: Freeze (safe; 3% risk of failure)
Press: ? - help, Shift-Dir - straight line, f - jackal
Aim: a jackal You freeze the jackal!
You kill the jackal!
* * * LOW HITPOINT WARNING * * *
You feel sick.
Your Fighting skill increases to level 1!
* * * LOW HITPOINT WARNING * * *
You feel sick.
The air fills with toxic fumes!
As you read the scroll labelled ZUETUATOCA, it crumbles to dust.
It was a scroll of poison.
* * * LOW HITPOINT WARNING * * *
You feel sick.
* * * LOW HITPOINT WARNING * * *
You feel sick.
Okay, then.
You die...

####### #
###§§§..### #
##§§§§§....###
##
...§§§§......###
.h
...§§§.........
..
###§§..K......
.. #.§§§..)# ..
#.##§#### ..
#§@§# #
#§§§§§#§##
#§§§§§#§§#
.§§§§§####§#
###§§§ #§# #§§.
###§# ###### #§.
#.#.# #....# §§.
#P#.####....# #
#P#.#P##....# #


There were no monsters in sight!

Vanquished Creatures
  2 dart slugs (D:1)
  A ball python (D:1)
  2 goblins (D:1)
  A hobgoblin (D:1)
  2 jackals (D:1)
  2 frilled lizards (D:1)
  3 kobolds (D:1)
  2 rats (D:1)
15 creatures vanquished.

Notes
Turn   | Place    | Note
-------+----------+-------------------------------------------
     0 | D:1      | hikkokomori the Merfolk Ice Elementalist began the quest
                  | for the Orb.
     0 | D:1      | Reached XP level 1. HP: 13/13 MP: 3/3
   261 | D:1      | Reached XP level 2. HP: 3/20 MP: 0/5
   700 | D:1      | Found a faded altar of an unknown god.
   713 | D:1      | Reached skill level 1 in Fighting
   715 | D:1      | HP: 1/21 [poisoned by a kobold]
   716 | D:1      | Succumbed to a kobold's poison

Illustrated notes

Levels and vault maps discovered:
D:1:      kilobyte_arrival_exit_the_forest, layout_basic,
          hellmonk_ecumenical_altar_zigzags, serial_aquarium,
          aquarium_bridge_square [aquarium_subvault_wall,
          aquarium_subvault_bridge, aquarium_subvault_bridge,
          aquarium_subvault_window], aquarium_window_corridor_1,
          aquarium_window_fake, aquarium_view_2b, aquarium_view_2d,
          minmay_tall_x

Skill      XL: |  1  2 |
---------------+-------+-----
Fighting       | 1 |  1.0
Short Blades   | |  0.4
Long Blades    | |  0.4
Dodging        | |  2.8
Stealth        | |  2.6
Spellcasting   | |  2.0
Ice Magic      | |  4.6

Action                     || total
---------------------------++-------
  Melee: Unarmed           ||     6
         Falchion          ||     3
         Punch             ||     1
         Dagger            ||    11
   Cast: Freeze            ||    20
    Use: Scroll            ||     1
         Potion            ||     1
   Stab: Sleeping          ||     1
 Armour: Robe              ||     4
  Dodge: Dodged            ||    16

Table legend: (Time is in decaauts)
 A = Elapsed time spent in this place.
 B = Non-inter-level travel time spent in this place.
 C = Inter-level travel time spent in this place.
 D = Time resting spent in this place.
 E = Time spent auto-exploring this place.
 F = Levels seen in this place.
 G = Mean time per level.
                   A        B        C        D        E       F      G
               +--------+--------+--------+--------+--------+-----+--------+
         Total |    707 |    699 |      8 |      3 |    508 |   1 |  707.0 |
       Dungeon |    707 |    699 |      8 |      3 |    508 |   1 |  707.0 |
               +--------+--------+--------+--------+--------+-----+--------+

Top non-repeatable levels by time:
     D:1: 707 daAuts
